 Dungeon Crawl Stone Soup version 0.25-a0-1114-g48d22fd (webtiles) character file.

Game seed: 11770910198646518392, levelgen mode: deterministic

324544 Faca the Slingshot (level 22, -1/159 HPs)
             Began as a Halfling Hunter on May 14, 2020.
             Was a High Priest of Okawaru.
             Slain by a tengu reaver
             ... wielding a +2 vorpal broad axe
             ... led by Sojobo
              (2 damage)
             ... while paralysed by a sphinx
             ... on level 3 of the Vaults on May 16, 2020.
             The game lasted 02:11:34 (51700 turns).

Faca the Slingshot (Halfling Hunter)               Turns: 51700, Time: 02:11:34

Health: -1/159     AC: 26    Str: 20    XL:     22   Next: 56%
Magic:  29/29      EV:  3    Int:  5    God:    Okawaru [*****.]
Gold:   1966       SH:  0    Dex: 35    Spells: 21/21 levels left

rFire    + . .     SeeInvis +   N - +3 sling "Punk" {acid, rCorr}
rCold    . . .     Gourm    .   F - +0 kite shield {reflect}
rNeg     . . .     Faith    .   x - +5 scale mail "Hatiy" {Regen+ Int-4 Dex+8}
rPois    .         Spirit   .   J - +2 helmet
rElec    .         Reflect  +   z - +2 cloak {MR+}
rCorr    +         Harm     .   A - +2 pair of gloves {Dex+3}
MR       ++...                  i - +2 pair of boots {Stlth+}
Stlth    +++.......             v - amulet of regeneration
HPRegen  1.16/turn              K - ring "Ymaecwoso" {rF+ Dex+6}
MPRegen  0.21/turn              B - ring of see invisible

@: paralysed, lethally poisoned (-1 -> -2), corroded
A: small, mutation resistance 1
}: 2/15 runes: decaying, gossamer
a: Heroism, Finesse, Renounce Religion


You were on level 3 of the Vaults.
You worshipped Okawaru.
Okawaru was extremely pleased with you.
You were not hungry.

You visited 7 branches of the dungeon, and saw 35 of its levels.
You also visited: Bailey, Gauntlet and Ice Cave.

You collected 5941 gold pieces.
You spent 3975 gold pieces at shops.

Inventory:

Hand Weapons
 j - a +3 quick blade of electrocution
 L - a +9 fustibalus of freezing
 N - the +3 sling "Punk" (weapon) {acid, rCorr}
   (You bought it in a shop on level 2 of the Vaults)

   It provides partial protection from all sources of acid and corrosion.
Missiles
 c - 340 stones (quivered)
 d - 536 sling bullets
Armour
 i - a +2 pair of boots of stealth (worn)
 p - +0 swamp dragon scales
 x - the +5 scale mail "Hatiy" (worn) {Regen+ Int-4 Dex+8}
   (You bought it in a shop on level 3 of the Vaults)

   It affects your intelligence (-4).
   It affects your dexterity (+8).
   It increases your rate of regeneration.
 z - a +2 cloak of magic resistance (worn)
 A - a +2 pair of gloves of dexterity (worn)
 F - a +0 kite shield of reflection (worn)
 J - a +2 helmet (worn)
 Q - +0 pearl dragon scales
Jewellery
 v - an amulet of regeneration (around neck)
 B - a ring of see invisible (right hand)
 K - the ring "Ymaecwoso" (left hand) {rF+ Dex+6}
   (You acquired it in a bailey)

   [ring of dexterity]

   It affects your dexterity (+6).
   It protects you from fire.
 S - the ring of the Komtur {rElec MR+}
   (You found it on level 2 of the Lair of Beasts)

   [ring of protection from magic]

   It insulates you from electricity.
   It affects your resistance to hostile enchantments.
Wands
 e - a wand of digging (20)
Scrolls
 g - 3 scrolls of summoning
 h - 14 scrolls of teleportation
 m - 15 scrolls of remove curse
 n - 2 scrolls of immolation
 t - 2 scrolls of torment
 y - 4 scrolls of fog
 E - a scroll of silence
 G - 6 scrolls of blinking
 I - 4 scrolls of enchant armour
 M - 5 scrolls of holy word
 O - 5 scrolls of magic mapping
 P - 2 scrolls of identify
 R - a scroll of acquirement
 X - 3 scrolls of brand weapon
Potions
 b - 20 potions of curing
 k - 8 potions of ambrosia
 l - 2 potions of berserk rage
 q - 4 potions of invisibility
 r - 4 potions of resistance
 s - 3 potions of might
 u - 6 potions of lignification
 w - 2 potions of cancellation
 C - 6 potions of flight
 D - 4 potions of mutation
 H - 4 potions of haste
Comestibles
 a - 11 chunks of flesh
 f - 52 rations


   Skills:
 + Level 15.8 Fighting
 - Level 14.0 Short Blades
 + Level 22.9 Slings
 + Level 15.9 Armour
 + Level 14.6 Dodging
 - Level 1.1 Stealth
 + Level 17.2 Shields
 - Level 10.0 Invocations


You had 21 spell levels left.
You didn't know any spells.
Your spell library contained the following spells:

 Spells                   Type           Power        Failure   Level  Hunger
 Beastly Appendage        Tmut           #.....       83%         1    ##.....
 Infusion                 Chrm           #...         83%         1    ##.....
 Magic Dart               Conj           #...         83%         1    ##.....
 Sandblast                Erth           #.....       83%         1    ##.....
 Sting                    Tmut/Pois      #...         83%         1    ##.....
 Summon Small Mammal      Summ           #...         83%         1    ##.....
 Call Imp                 Summ           #.......     93%         2    ###....
 Corpse Rot               Necr/Air       N/A          93%         2    ###....
 Passwall                 Tmut/Erth      #.......     93%         2    ###....
 Poisonous Vapours        Pois/Air       #.....       93%         2    ###....
 Searing Ray              Conj           #.....       93%         2    ###....
 Shroud of Golubria       Chrm/Tloc      #.....       93%         2    ###....
 Slow                     Hex            #.......     93%         2    ###....
 Song of Slaying          Chrm           #.......     93%         2    ###....
 Sticks to Snakes         Tmut           #.......     93%         2    ###....
 Sublimation of Blood     Necr           #.........   93%         2    ###....
 Call Canine Familiar     Summ           #.......     99%         3    ####...
 Confusing Touch          Hex            #.......     99%         3    ####...
 Conjure Flame            Conj/Fire      #.......     99%         3    ####...
 Dazzling Flash           Conj/Hex       #.....       99%         3    ####...
 Ignite Poison            Fire/Tmut/Pois #.......     99%         3    ####...
 Mephitic Cloud           Conj/Pois/Air  #.......     99%         3    ####...
 Ozocubu's Armour         Chrm/Ice       #.......     99%         3    ####...
 Recall                   Summ/Tloc      N/A          99%         3    ####...
 Spectral Weapon          Hex/Chrm       #.......     99%         3    ####...
 Spider Form              Tmut/Pois      #.........   99%         3    ####...
 Stone Arrow              Conj/Erth      #.....       99%         3    ####...
 Summon Guardian Golem    Hex/Summ       #.......     99%         3    ####...
 Tukima's Dance           Hex            #.......     99%         3    ####...
 Animate Dead             Necr           N/A          100%        4    #####..
 Dispel Undead            Necr           #.......     100%        4    #####..
 Fulminant Prism          Conj/Hex       #.........   100%        4    #####..
 Ice Form                 Ice/Tmut       #.......     100%        4    #####..
 Iskenderun's Mystic Bla  Conj/Tloc      #.......     100%        4    #####..
 Leda's Liquefaction      Hex/Erth       #.........   100%        4    #####..
 Olgreb's Toxic Radiance  Pois           #.......     100%        4    #####..
 Petrify                  Tmut/Erth      #.......     100%        4    #####..
 Summon Ice Beast         Ice/Summ       #.......     100%        4    #####..
 Summon Lightning Spire   Summ/Air       #.......     100%        4    #####..
 Agony                    Necr           #.......     100%        5    ######.
 Blade Hands              Tmut           #.........   100%        5    ######.
 Bolt of Magma            Conj/Fire/Erth #.........   100%        5    ######.
 Borgnjor's Vile Clutch   Necr/Erth      #.........   100%        5    ######.
 Excruciating Wounds      Chrm/Necr      #.........   100%        5    ######.
 Iskenderun's Battlesphe  Conj/Chrm      #.......     100%        5    ######.
 Lee's Rapid Deconstruct  Erth           #.........   100%        5    ######.
 Metabolic Englaciation   Hex/Ice        #.........   100%        5    ######.
 Conjure Ball Lightning   Conj/Air       #.........   100%        6    #######
 Death Channel            Necr           #.........   100%        6    #######
 Freezing Cloud           Conj/Ice/Air   #.........   100%        6    #######
 Iron Shot                Conj/Erth      #.........   100%        6    #######
 Ozocubu's Refrigeration  Ice            #.........   100%        6    #######
 Simulacrum               Ice/Necr       #.........   100%        6    #######
 Statue Form              Tmut/Erth      #........    100%        6    #######
 Orb of Destruction       Conj           #.........   100%        7    #######
 Ring of Flames           Chrm/Fire      #.........   100%        7    #######
 Spellforged Servitor     Conj/Summ      #.........   100%        7    #######
 Chain Lightning          Conj/Air       #.........   100%        8    #######
 Lehudib's Crystal Spear  Conj/Erth      #.........   100%        8    #######
 Absolute Zero            Ice            #.........   100%        9    #######
 Fire Storm               Conj/Fire      #.........   100%        9    #######
 Shatter                  Erth           #.........   100%        9    #######


Dungeon Overview and Level Annotations

Branches:
Dungeon (15/15)            Temple (1/1) D:5            Lair (6/6) D:10
  Swamp (4/4) Lair:4       Spider (4/4) Lair:3        Slime (0/5) Lair:5
    Orc (2/2) D:10            Elf (0/3) Orc:2        Vaults (3/5) D:13
  Crypt (0/3) Vaults:2     Depths (0/5) D:15         Bailey (visited)
  IceCv (visited)         Gauntlet (visited)

Altars:
Ashenzari
Dithmenos
Nemelex Xobeh
Okawaru
Ru
Sif Muna
Trog
Vehumet
Xom
Yredelemnul

Shops:
D:12 [   D:13 [   Orc:2 !%(:   Vaults:2 *   Vaults:3 [

Portals:
Pandemonium: Orc:2

Annotations:
Vaults:3 Sojobo


Innate Abilities, Weirdness & Mutations

You are small and have problems with some larger weapons.
You are somewhat resistant to further mutation.


Message History

The tengu reaver hits you with a +2 vorpal broad axe!
* * * LOW HITPOINT WARNING * * *
x2 The tengu reaver pecks you but does no damage.
The tengu reaver claws you but does no damage.
You feel sick. The sphinx completely misses you. The sphinx hits you.
* * * LOW HITPOINT WARNING * * *
The sphinx hits you but does no damage.
The tengu reaver hits you with a +2 vorpal broad axe.
* * * LOW HITPOINT WARNING * * *
x2 The tengu reaver pecks you.
* * * LOW HITPOINT WARNING * * *
The tengu reaver claws you but does no damage.
The sphinx mumbles some strange words.
Something smites you!
* * * LOW HITPOINT WARNING * * *
* * * LOW HITPOINT WARNING * * *
You feel sick.
The sphinx hits you but does no damage. x3
The tengu reaver hits you but does no damage.
The tengu reaver pecks you.
You die...

............#
............#
............#
............#
............#
#######..†....#
..... #.......#
...((.#H......#
(.>..(Q@.....(#
......#..)....#
..... #.......#
.... #.......#
### #.......#
#.......#
#.......#
#.......#
#.......#


You could see a sphinx and a tengu reaver (corroded).

Vanquished Creatures
  the Lernaean hydra (Swamp:4)
  Bai Suzhen (Swamp:3)
  Nikola (Swamp:1)
  An Ice Fiend (IceCv)
  Jorgrun (Orc:2)
  Asterion (Spider:4)
  A titan (Vaults:3)
  A sphinx (Vaults:3)
  Donald (Swamp:1)
  Kirke (D:15)
  2 tengu reavers (Vaults:3)
  Roxanne (Spider:1)
  3 thorn hunters
  A fire giant (Vaults:2)
  2 deep elf sorcerers (Vaults:1)
  An orc warlord (Bailey)
  4 emperor scorpions (Spider:4)
  9 vault wardens
  A revenant (Vaults:2)
  5 ghost moths
  5 ironheart preservers
  3 very ugly things (Vaults:1)
  2 stone giants
  6 entropy weavers
  A dire elephant (Lair:3)
  A yellow draconian (Vaults:3)
  Azrael (Spider:1)
  A minotaur (Gauntlet)
  A crystal guardian (Vaults:2)
  A spark wasp (Spider:4)
  2 deep elf death magi
  2 ettins
  2 fire dragons (Vaults:1)
  7 yaktaur captains
  A rakshasa (Vaults:1)
  19 vault guards
  3 ice dragons
  2 great orbs of eyes (Vaults:2)
  8 centaur warriors
  17 hydras
  2 ghost crabs (Swamp:4)
  20 two-headed ogres
  2 shambling mangroves (Swamp:3)
  3 alligators
  8 ogre magi
  2 death knights (D:13)
  The ghost of Cijiyg the Conjurer, a journeyman TeVM of Vehumet (D:12)
  2 tengu warriors (D:15)
  14 death yaks
  4 orc high priests (Orc:2)
  The ghost of coolguy69 the Blocker, a journeyman VSFi of Okawaru (Lair:2)
  A deep troll earth mage (Vaults:3)
  2 deep elf knights (Vaults:1)
  A sixfirhy (Orc:2)
  6 skeletal warriors
  A small abomination (Vaults:1)
  A torturous demonspawn (Orc:2)
  An infernal demonspawn (Orc:2)
  2 spriggan druids (Swamp:4)
  4 unseen horrors
  4 deep trolls (Vaults:3)
  2 deep elf archers (Vaults:1)
  7 ironbrand convokers
  4 wizards
  The ghost of Dazliare the Caller, a novice OgSu of Hepliaklqana (D:7)
  11 swamp dragons
  A lindwurm (Lair:6)
  A glowing orange brain (Vaults:1)
  2 necromancers
  15 orc knights
  20 orb spiders
  35 wolf spiders
  10 orc sorcerers
  A manticore (D:15)
  The ghost of Sweeb the Sneak, a novice OpMo of Kikubaaqudgha (D:6)
  A stone giant zombie (Vaults:3)
  8 cyclopes
  7 deep elf magi
  20 ugly things
  3 moths of wrath
  15 vault sentinels
  An eye of devastation (Gauntlet)
  2 rust devils (Orc:2)
  Maurice (Orc:2)
  11 torpor snails
  37 elephants
  2 guardian serpents
  A naga mage (D:15)
  11 black mambas
  17 spiny frogs
  3 gargoyles (D:13)
  2 centaur skeletons
  A rime drake (Lair:3)
  Maggie (D:7)
  A kobold demonologist (D:13)
  9 komodo dragons
  A tengu conjurer (D:13)
  A hellwing (Orc:2)
  6 anaconda simulacra (IceCv)
  8 freezing wraiths
  10 demonic crawlers
  6 ice devils (IceCv)
  40 yaktaurs
  A human skeleton (Vaults:3)
  44 jumping spiders
  11 trolls
  A queen bee (Lair:3)
  A meliai (shapeshifter) (Vaults:1)
  A red devil (Orc:2)
  28 hornets
  3 polar bears
  2 wolf spider simulacra (IceCv)
  A meliai (D:13)
  10 tyrant leeches
  9 slime creatures
  13 bog bodies
  An ettin zombie (Vaults:2)
  7 dream sheep (Lair:6)
  8 hippogriffs
  A hippogriff (shapeshifter) (Vaults:1)
  19 blink frogs
  Sigmund (D:2)
  88 redbacks
  2 vampires
  2 shadows
  7 wraiths
  46 tarantellas
  2 dire elephant simulacra (IceCv)
  3 spriggans
  14 wyverns
  3 hogs (D:15)
  3 fire elementals (Spider:1)
  32 yaks
  2 humans
  A golden eye (Gauntlet)
  5 vampire mosquitoes
  A hungry ghost (D:10)
  Menkaure (D:6)
  21 swamp worms
  4 wargs
  13 insubstantial wisps
  23 water moccasins
  A soldier ant (D:14)
  2 acid dragons
  3 harpy simulacra (IceCv)
  An iron troll simulacrum (IceCv)
  3 hydra simulacra (IceCv)
  3 hell hounds (Spider:1)
  3 porcupines
  A floating eye (Gauntlet)
  A floating eye (shapeshifter) (Vaults:2)
  An ice beast (D:7)
  54 orc warriors
  A hornet zombie (D:13)
  4 sky beasts
  12 swamp drakes
  A black bear (D:10)
  4 phantoms
  A necrophage (D:13)
  16 wolves
  9 boggarts
  41 ogres
  23 centaurs
  10 crocodiles
  2 human zombies (Vaults:2)
  2 big kobolds
  17 bullfrogs
  6 scorpions
  An elephant simulacrum (IceCv)
  8 wights
  24 killer bees
  2 electric eels (Spider:3)
  3 howler monkeys
  A bullfrog zombie (D:13)
  8 crimson imps
  3 centaur zombies
  A lava snake (D:10)
  A draconian simulacrum (IceCv)
  4 hounds
  8 jellies
  A gnoll shaman (D:10)
  4 bullfrog skeletons
  27 orc priests
  24 orc wizards
  3 iguanas
  10 worker ants
  2 troll simulacra (IceCv)
  A wolf simulacrum (IceCv)
  3 centaur simulacra (IceCv)
  A hound skeleton (D:6)
  9 adders
  7 gnolls
  A naga simulacrum (IceCv)
  2 ogre simulacra (IceCv)
  2 shadow imps (D:13)
  6 white imps (IceCv)
  6 ufetubi (IceCv)
  An ooze (D:4)
  2 adder skeletons (D:5)
  2 worms
  A dart slug (D:5)
  6 leopard geckos
  113 orcs
  7 giant cockroaches
  7 goblins
  10 hobgoblins
  6 jackals
  3 quokkas
  3 ball pythons
  8 bats
  6 frilled lizards
  24 kobolds
  A leopard gecko skeleton (D:6)
  3 rats
  A fungus (Lair:3)
1577 creatures vanquished.

Vanquished Creatures (others)
  An unseen horror (Vaults:1)
  A yaktaur (Vaults:3)
  3 humans (D:15)
  An orc warrior (D:15)
  An ogre (Vaults:3)
  A centaur (Vaults:3)
  78 fungi
  36 plants
122 creatures vanquished.

Grand Total: 1699 creatures vanquished

Notes
Turn   | Place    | Note
-------+----------+-------------------------------------------
     0 | D:1      | Faca the Halfling Hunter began the quest for the Orb.
     0 | D:1      | Reached XP level 1. HP: 14/14 MP: 1/1
    99 | D:1      | Reached skill level 6 in Slings
   147 | D:1      | Reached XP level 2. HP: 19/19 MP: 2/2
   992 | D:2      | Reached XP level 3. HP: 23/25 MP: 3/3
  1022 | D:2      | Noticed Sigmund
  1050 | D:2      | Killed Sigmund
  1050 | D:2      | Reached skill level 8 in Slings
  1050 | D:2      | Reached XP level 4. HP: 13/33 MP: 4/4
  1050 | D:2      | Reached XP level 5. HP: 15/37 MP: 5/5
  1262 | D:2      | Reached XP level 6. HP: 43/43 MP: 6/6
  1861 | D:2      | Found a shattered altar of Ashenzari.
  3114 | D:4      | Noticed an ogre
  3129 | D:4      | Killed an ogre
  3375 | D:4      | Noticed an ogre
  3383 | D:4      | Killed an ogre
  3383 | D:4      | Reached skill level 9 in Slings
  3383 | D:4      | Reached XP level 7. HP: 49/49 MP: 7/7
  3657 | D:4      | Found a sparkling altar of Nemelex Xobeh.
  3674 | D:5      | Entered Level 5 of the Dungeon
  3816 | D:5      | Reached skill level 5 in Fighting
  3816 | D:5      | Reached skill level 1 in Short Blades
  4157 | D:5      | Found a shadowy altar of Dithmenos.
  4434 | D:5      | Reached XP level 8. HP: 46/55 MP: 6/8
  4524 | D:5      | Found a staircase to the Ecumenical Temple.
  4544 | Temple   | Entered the Ecumenical Temple
  4568 | Temple   | Became a worshipper of Warmaster Okawaru
  4781 | D:6      | Reached skill level 10 in Slings
  5338 | D:6      | Found a transporter.
  5464 | D:6      | Noticed Menkaure
  5483 | D:6      | Killed Menkaure
  5483 | D:6      | Reached * piety under Okawaru
  5754 | D:6      | Found a transporter.
  5754 | D:6      | Noticed Sweeb's ghost (novice OpMo)
  5890 | D:6      | Reached skill level 5 in Short Blades
  5890 | D:6      | Reached skill level 11 in Slings
  6076 | D:7      | Reached XP level 9. HP: 62/62 MP: 9/9
  6334 | D:7      | Reached skill level 1 in Invocations
  6499 | D:7      | Noticed Maggie
  6531 | D:7      | Killed Maggie
  6669 | D:7      | Noticed a hippogriff
  6688 | D:7      | Killed a hippogriff
  6706 | D:7      | Reached ** piety under Okawaru
  6730 | D:7      | Found a transporter.
  6733 | D:7      | Noticed Dazliare's ghost (novice OgSu)
  6816 | D:7      | Reached skill level 12 in Slings
  6892 | D:7      | Identified the +0 great mace of Qozxeh {freeze, *Slow rPois
                  | rF++ Str+2}
  6899 | D:7      | Found a transporter.
  7281 | D:8      | Reached XP level 10. HP: 40/71 MP: 2/12
  9039 | D:9      | Noticed a two-headed ogre
  9055 | D:9      | Killed a two-headed ogre
  9055 | D:9      | Reached *** piety under Okawaru
  9055 | D:9      | Reached skill level 13 in Slings
  9055 | D:9      | Reached skill level 5 in Invocations
  9325 | D:10     | Entered Level 10 of the Dungeon
  9370 | D:10     | Received a gift from Okawaru
  9752 | D:10     | Found a staircase to the Orcish Mines.
  9813 | D:10     | Found a shimmering altar of Xom.
  9824 | D:10     | Found a shimmering altar of Xom.
  9825 | D:10     | Found a shimmering altar of Xom.
  9825 | D:10     | Found a shimmering altar of Xom.
  9825 | D:10     | Found a shimmering altar of Xom.
 10062 | D:10     | Noticed a komodo dragon
 10093 | D:10     | Killed a komodo dragon
 10342 | D:10     | Reached XP level 11. HP: 77/78 MP: 13/15
 10362 | D:10     | Found a staircase to the Lair.
 10710 | D:11     | Reached skill level 1 in Armour
 10710 | D:11     | Reached skill level 1 in Shields
 10879 | D:11     | Received a gift from Okawaru
 10944 | D:11     | Found a flagged portal.
 11117 | Bailey   | Entered a bailey
 11143 | Bailey   | Reached **** piety under Okawaru
 11146 | Bailey   | Noticed an orc warlord
 11251 | Bailey   | Noticed an orc knight
 11280 | Bailey   | Killed an orc knight
 11530 | Bailey   | Found a runed translucent gate.
 11531 | Bailey   | Found a runed translucent gate.
 11542 | Bailey   | Found a runed translucent gate.
 11716 | Bailey   | Killed an orc warlord
 11716 | Bailey   | Reached skill level 14 in Slings
 11755 | Bailey   | Identified a scroll of acquirement
 11755 | Bailey   | Identified the ring "Ymaecwoso" {rF+ Dex+6} (You acquired
                  | it in a bailey)
 11874 | D:11     | Reached XP level 12. HP: 84/84 MP: 17/17
 12068 | D:11     | Noticed a two-headed ogre
 12082 | D:11     | Killed a two-headed ogre
 12111 | D:11     | Noticed a two-headed ogre
 12140 | D:11     | Killed a two-headed ogre
 12561 | D:11     | Received a gift from Okawaru
 12825 | Lair:1   | Entered Level 1 of the Lair of Beasts
 12903 | Lair:1   | Reached XP level 13. HP: 65/90 MP: 11/18
 12909 | Lair:1   | Reached skill level 10 in Short Blades
 13286 | Lair:1   | Received a gift from Okawaru
 14480 | Lair:2   | Upgraded the game from 0.25-a0-1073-gf4359a1 to
                  | 0.25-a0-1114-g48d22fd
 14482 | Lair:2   | Found a transporter.
 14816 | Lair:2   | Reached ***** piety under Okawaru
 14849 | Lair:2   | Found a transporter.
 15262 | Lair:2   | Noticed coolguy69's ghost (journeyman VSFi)
 15401 | Lair:3   | Received a gift from Okawaru
 15629 | Lair:3   | Reached skill level 15 in Slings
 16098 | Lair:3   | Found a hole to the Spider Nest.
 16549 | Lair:3   | Received a gift from Okawaru
 17148 | Lair:3   | Reached skill level 10 in Fighting
 17148 | Lair:3   | Reached XP level 14. HP: 74/99 MP: 14/20
 17516 | Lair:3   | Noticed a dire elephant
 17544 | Lair:3   | Killed a dire elephant
 17550 | Lair:3   | Received a gift from Okawaru
 18237 | Lair:3   | Received a gift from Okawaru
 18681 | Lair:3   | Received a gift from Okawaru
 18696 | Lair:3   | Reached skill level 10 in Armour
 18728 | Lair:3   | Got a fine hunting sling {god gift}
 18729 | Lair:3   | Identified the +5 hunting sling "Rinets" {vorpal, rElec rC+
                  | Str+3 Stlth-} (Okawaru gifted it to you on level 3 of the
                  | Lair of Beasts)
 19162 | Lair:4   | Reached skill level 10 in Shields
 19500 | Lair:4   | Reached skill level 16 in Slings
 19886 | Lair:4   | Received a gift from Okawaru
 20026 | Lair:4   | Found a staircase to the Swamp.
 21532 | Lair:5   | Reached skill level 10 in Invocations
 21559 | Lair:5   | Found a staircase to the Slime Pits.
 21641 | Lair:5   | Reached XP level 15. HP: 104/105 MP: 20/22
 22729 | Lair:6   | Entered Level 6 of the Lair of Beasts
 23469 | Lair:6   | Received a gift from Okawaru
 23787 | Lair:6   | Reached skill level 17 in Slings
 24085 | Lair:6   | Received a gift from Okawaru
 24360 | Lair:6   | Found a runed translucent door.
 24508 | Lair:6   | Received a gift from Okawaru
 24658 | Lair:6   | Reached skill level 5 in Dodging
 25602 | D:6      | Killed Sweeb's ghost
 25685 | D:7      | Killed Dazliare's ghost
 25685 | D:7      | Reached XP level 16. HP: 113/113 MP: 23/23
 25845 | Orc:1    | Entered Level 1 of the Orcish Mines
 26143 | Orc:2    | Entered Level 2 of the Orcish Mines
 26283 | Orc:2    | Found a staircase to the Elven Halls.
 26332 | Orc:2    | HP: 4/113 [ettin/+0 dire flail (7)]
 26521 | Orc:2    | Noticed Jorgrun
 26543 | Orc:2    | Killed Jorgrun
 26543 | Orc:2    | Received a gift from Okawaru
 26684 | Orc:2    | Noticed Maurice
 26701 | Orc:2    | Killed Maurice
 26899 | Orc:2    | Found Luffop's Distillery.
 26984 | Orc:2    | Found Mod Acuo's Food Shoppe.
 27043 | Orc:2    | Received a gift from Okawaru
 27179 | Orc:2    | Bought 2 potions of cancellation for 224 gold pieces
 27522 | Orc:2    | Received a gift from Okawaru
 27720 | Orc:2    | Received a gift from Okawaru
 27840 | Orc:2    | Reached skill level 18 in Slings
 27906 | Orc:2    | Found Pacoyg Asyd's Book Boutique.
 27906 | Orc:2    | Found a one-way gate leading to the halls of Pandemonium.
 27906 | Orc:2    | Found Werchehe's Antique Weapon Shop.
 27930 | Orc:2    | Bought a brightly glowing short sword for 248 gold pieces
 27930 | Orc:2    | Identified the +9 short sword of Wounding {vorpal, rN+
                  | Str+4} (You bought it in a shop on level 2 of the Orcish
                  | Mines)
 28335 | Orc:1    | Found an iron altar of Okawaru.
 28647 | Lair:2   | Killed coolguy69's ghost
 28647 | Lair:2   | Received a gift from Okawaru
 28667 | Lair:2   | Got a bound pewter ring
 28707 | Lair:2   | Identified the ring of the Komtur {rElec MR+} (You found it
                  | on level 2 of the Lair of Beasts)
 28905 | D:12     | Found a gate leading to a gauntlet.
 28981 | Gauntlet | Entered a Gauntlet
 28981 | Gauntlet | Found a transporter.
 28981 | Gauntlet | Found a transporter.
 28982 | Gauntlet | Found a transporter.
 28985 | Gauntlet | Found a transporter.
 28985 | Gauntlet | Found a transporter.
 28986 | Gauntlet | Found a transporter.
 29003 | Gauntlet | Found a transporter.
 29004 | Gauntlet | Found a transporter.
 29015 | Gauntlet | Found a transporter.
 29036 | Gauntlet | Found a transporter.
 29053 | Gauntlet | Found a transporter.
 29057 | Gauntlet | Found a transporter.
 29214 | Gauntlet | Paralysed by a floating eye for 2 turns
 29322 | Gauntlet | Identified Sif Muna's Papyrus of Beguiling and Lightness
 29357 | Gauntlet | Got a pair of fine boots
 29368 | Gauntlet | Identified the -1 pair of boots "Camosm" {Stlth+} (You
                  | found it in a Gauntlet)
 29625 | D:12     | Found Jimuum's Armour Boutique.
 29703 | D:12     | Found a runed translucent door.
 29703 | D:12     | Noticed Cijiyg's ghost (journeyman TeVM)
 29898 | D:12     | Killed Cijiyg's ghost
 29969 | D:13     | Received a gift from Okawaru
 30038 | D:13     | Got a vibrating wooden ring
 30040 | D:13     | Identified the ring of Ruguorgh {rCorr Stlth+} (You found
                  | it on level 13 of the Dungeon)
 30110 | D:13     | Received a gift from Okawaru
 30133 | D:13     | Reached XP level 17. HP: 120/120 MP: 24/24
 30193 | D:13     | Received a gift from Okawaru
 30278 | D:13     | Found a gate to the Vaults.
 31481 | D:13     | Found Holif's Antique Armour Shoppe.
 32489 | D:15     | Entered Level 15 of the Dungeon
 32649 | D:15     | Noticed Kirke
 32665 | D:15     | Killed Kirke
 32745 | D:15     | Reached skill level 19 in Slings
 33237 | D:15     | Received a gift from Okawaru
 33429 | D:15     | Found a staircase to the Depths.
 33795 | Swamp:1  | Entered Level 1 of the Swamp
 33912 | Swamp:1  | Noticed Nikola
 33925 | Swamp:1  | Killed Nikola
 33928 | Swamp:1  | Noticed Donald
 33939 | Swamp:1  | Killed Donald
 34680 | Swamp:2  | Received a gift from Okawaru
 35144 | Swamp:2  | Reached XP level 18. HP: 128/128 MP: 25/25
 35506 | Swamp:3  | Received a gift from Okawaru
 35507 | Swamp:3  | Got a bloodstained helmet {god gift}
 35518 | Swamp:3  | Identified the +0 helmet of the Moneychanger {rC+ Int+3
                  | Slay-5} (Okawaru gifted it to you on level 3 of the Swamp)
 35567 | Swamp:3  | Noticed Bai Suzhen
 35599 | Swamp:3  | Killed Bai Suzhen
 35907 | Swamp:3  | Reached skill level 10 in Dodging
 36612 | Swamp:4  | Entered Level 4 of the Swamp
 37157 | Swamp:4  | Received a gift from Okawaru
 37201 | Swamp:4  | Received a gift from Okawaru
 37201 | Swamp:4  | Reached skill level 20 in Slings
 37259 | Swamp:4  | Noticed the 27-headed Lernaean hydra
 37275 | Swamp:4  | Killed the 27-headed Lernaean hydra
 37275 | Swamp:4  | Received a gift from Okawaru
 37368 | Swamp:4  | Got a decaying rune of Zot
 37836 | Spider:1 | Entered Level 1 of the Spider Nest
 37902 | Spider:1 | Received a gift from Okawaru
 38255 | Spider:1 | Noticed Roxanne
 38436 | Spider:1 | Killed Roxanne
 38436 | Spider:1 | Reached XP level 19. HP: 135/135 MP: 24/26
 38947 | Spider:1 | Received a gift from Okawaru
 39191 | Spider:1 | Noticed Azrael
 39223 | Spider:1 | Killed Azrael
 40872 | Spider:2 | Identified the +2 chain mail of the Last Gods {Regen+} (You
                  | found it on level 2 of the Spider Nest)
 41348 | Spider:3 | Reached skill level 15 in Shields
 41548 | Spider:3 | Found a frozen archway.
 41558 | IceCv    | Entered an ice cave
 42060 | IceCv    | Received a gift from Okawaru
 42344 | IceCv    | Noticed an Ice Fiend
 42465 | IceCv    | Killed an Ice Fiend
 43249 | Spider:4 | Entered Level 4 of the Spider Nest
 43352 | Spider:4 | Reached XP level 20. HP: 124/144 MP: 27/27
 43465 | Spider:4 | Reached skill level 21 in Slings
 43688 | Spider:4 | Received a gift from Okawaru
 43699 | Spider:4 | Got an encrusted hunting sling {god gift}
 43700 | Spider:4 | Identified the +5 hunting sling "Inagin" {freeze, rF- Int+5
                  | Stlth+} (Okawaru gifted it to you on level 4 of the Spider
                  | Nest)
 44483 | Spider:4 | Noticed Asterion
 44520 | Spider:4 | Killed Asterion
 44998 | Spider:4 | Received a gift from Okawaru
 45247 | Spider:4 | Got a gossamer rune of Zot
 45757 | Orc:2    | Bought a potion of heal wounds for 70 gold pieces
 45757 | Orc:2    | Bought a potion of haste for 140 gold pieces
 45757 | Orc:2    | Bought a potion of might for 56 gold pieces
 45757 | Orc:2    | Bought a potion of haste for 140 gold pieces
 45757 | Orc:2    | Bought a potion of resistance for 140 gold pieces
 45757 | Orc:2    | Bought 2 potions of curing for 84 gold pieces
 45757 | Orc:2    | Bought a potion of curing for 42 gold pieces
 45757 | Orc:2    | Bought a potion of curing for 42 gold pieces
 45757 | Orc:2    | Bought a potion of curing for 42 gold pieces
 45888 | Vaults:1 | Entered Level 1 of the Vaults
 46486 | Vaults:1 | Received a gift from Okawaru
 46569 | Vaults:1 | Reached XP level 21. HP: 108/150 MP: 28/28
 46625 | Vaults:1 | Reached skill level 15 in Fighting
 47056 | Vaults:1 | Reached skill level 22 in Slings
 47554 | Vaults:1 | Reached skill level 15 in Armour
 47855 | Vaults:1 | Received a gift from Okawaru
 47863 | Vaults:1 | Identified the +6 plate armour of Yzur Boa {rPois Regen+
                  | Stlth+} (Okawaru gifted it to you on level 1 of the Vaults)
 48267 | Vaults:2 | Found a staircase to the Crypt.
 49254 | Vaults:2 | Found Vonadaom's General Store.
 49263 | Vaults:2 | Bought a cursed -4 ring of intelligence for 32 gold pieces
 49264 | Vaults:2 | Bought the +3 sling "Punk" {acid, rCorr} for 1041 gold
                  | pieces
 49264 | Vaults:2 | Found the +3 sling "Punk" {acid, rCorr}
 49264 | Vaults:2 | Bought a scroll of blinking for 120 gold pieces
 49264 | Vaults:2 | Bought a scroll of brand weapon for 320 gold pieces
 49264 | Vaults:2 | Bought a potion of curing for 48 gold pieces
 50095 | Vaults:3 | Paralysed by an ogre mage for 5 turns
 50414 | Vaults:3 | Reached XP level 22. HP: 158/158 MP: 29/29
 50438 | Vaults:3 | Found Ciaceck's Armour Emporium.
 50446 | Vaults:3 | Bought a +2 cloak of magic resistance for 387 gold pieces
 50482 | Vaults:3 | Bought the +5 scale mail "Hatiy" {Regen+ Int-4 Dex+8} for
                  | 799 gold pieces
 50616 | Vaults:3 | Received a gift from Okawaru
 51371 | Vaults:3 | Received a gift from Okawaru
 51443 | Vaults:3 | Noticed Sojobo
 51533 | Vaults:3 | Received a gift from Okawaru
 51697 | Vaults:3 | Paralysed by a sphinx for 5 turns
 51699 | Vaults:3 | HP: 2/159 [sphinx/divine providence (14)]
 51700 | Vaults:3 | Slain by a tengu reaver

Illustrated notes

Levels and vault maps discovered:
D:1:      matt_arrival_spirals, layout_basic
D:2:      layout_loops_ring, lemuel_tele_altar, uniq_sigmund
D:3:      layout_loops_ring
D:4:      layout_cave_pools, nemelex_dance_club_becter
D:5:      layout_loops_ring, nicolae_dithmenos_through_a_glass_darkly,
          minmay_temple_entry_ruins, first_ration, hex_large
D:6:      layout_loops_ring, gammafunk_ghost_smash, uniq_menkaure
D:7:      layout_rooms, gammafunk_ghost_smash, dk_noncrumbling_2, uniq_maggie
D:8:      layout_loops_ring, grunt_ogre_cave
D:9:      layout_loops_ring, small_chamber_with_monster,
          kennysheep_generic_room_15
D:10:     layout_rooms, erik_lair_dragon, orc_0_dummy,
          kennysheep_decorative_pillar, xom_redecorated
D:11:     layout_loops_cross, enter_bailey_8
D:12:     layout_rooms, gauntlet_entry_generic, serial_shops, shop, special_room
          [special_room_orc], gammafunk_ghost_grave
D:13:     four-leaf_vault, layout_cave_pods, grunt_vaults_entry_fortified,
          serial_shops, shop
D:14:     layout_basic, grunt_decor_clamped
D:15:     grunt_enter_depths_magical_seal, layout_basic, fountainhead,
          minmay_misc_feat_rugged, uniq_kirke
Temple:   compressed_dpeg_circular_temple
Lair:1:   layout_cave_pods, minmay_holes
Lair:2:   layout_cave_shapes, gammafunk_ghost_berserking_beasts, st_stairs_4
Lair:3:   mu_elephants_graveyard, layout_cave_pods,
          nicolae_spider_entry_non_spiders, special_room [special_room_bee],
          serial_bayou_shore_b
Lair:4:   layout_layer_cave, minmay_swamp_entry_wisps,
          chequers_serial_rivers_micro_a, grunt_megastairs_5
Lair:5:   layout_regular_city, minmay_slime_entry_pillars,
          infiniplex_staircase_pool
Lair:6:   hangedman_lair_tendril_chambers, layout_misc_corridors, wormcave
Swamp:1:  layout_basic_swamp, hangedman_swamp_ruin_hall, swamp_pool1,
          uniq_donald, uniq_nikola
Swamp:2:  layout_basic_swamp, serial_swamp_ruin, evilmike_swamp_ruin_house_1,
          evilmike_swamp_ruin_house_3, hangedman_swamp_ruin_wall
Swamp:3:  layout_falls_marsh, evilmike_swamp_ruin_rubble_2, uniq_bai_suzhen
Swamp:4:  grunt_swamp_rune_castle, layout_basic_swamp
Spider:1: layout_chambers, uniq_azrael, uniq_roxanne
Spider:2: nicolae_spider_mines_1, drop_trap, einodemon_crawler_minivault
Spider:3: layout_spider_delve, portal_ice_cave_entry_pillars_1
Spider:4: grunt_spider_rune_parallel, uniq_asterion
Orc:1:    layout_caves, okawaru_metal_pillars_1_2
Orc:2:    pf_orc_diabolical, layout_diamond_mine, uniq_jorgrun, uniq_maurice
Vaults:1: v_misc_18, vaults_room_ringed_pool, v_misc_33, grunt_vaults_funnel,
          hangedman_vaults_hat, vaults_dpeg_spiral, v_misc_27,
          nicolae_vaults_big_ls, v_misc_25, layout_vaults_ring
Vaults:2: v_rooms_5, nicolae_vaults_angled_halls,
          minmay_crypt_entry_simple_sparse, vaults_dpeg_hooks,
          nicolae_vaults_asterisk, st_cells, vaults_room_door_hall,
          grunt_vaults_hallway_short, v_misc_5, vaults_mumra_hex,
          nicolae_vaults_network_quinsquares
          [nicolae_vaults_network_quincunx_subvault,
          nicolae_vaults_network_quincunx_subvault,
          nicolae_vaults_network_quincunx_subvault,
          nicolae_vaults_network_quincunx_subvault], ontoclasm_vaults_ligature,
          vaults_room_fours, layout_vaults_omnicross, serial_shops, shop
Vaults:3: nicolae_vaults_alarming, st_greater_box_2, vaults_dpeg_diagonal,
          hangedman_vaults_stagger, ontoclasm_vaults_hangar, v_pattern_1,
          vaults_room_pools, grunt_vaults_hallway_short, v_misc_1,
          layout_vaults_chaotic_city, serial_shops, nicolae_shop_crystal,
          uniq_sojobo, uniq_boris

Skill      XL: |  1  2  3  4  5  6  7  8  9 10 11 12 13 14 15 16 17 18 19 20 21 22 |
---------------+-------------------------------------------------------------------+-----
Slings         | 6 8 9 11 12 13 14 15 16 17 18 19 20 21 22 | 22.9
Fighting       | 2 3 4 5 6 7 8 9 10 11 12 13 14 15 | 15.8
Short Blades   | 2 5 6 8 9 11 12 13 14 | 14.0
Invocations    | 3 5 7 8 10 | 10.0
Armour         | 7 8 9 10 11 12 13 14 15 | 15.9
Shields        | 7 9 10 11 12 13 14 15 16 17 | 17.2
Dodging        | 5 7 9 10 12 13 14 | 14.6
Stealth        | |  1.1

Action                   |  1- 3 |  4- 6 |  7- 9 | 10-12 | 13-15 | 16-18 | 19-21 | 22-24 || total
-------------------------+-------+-------+-------+-------+-------+-------+-------+-------++-------
Melee: Short sword       |    52 |   186 |   631 |    96 |       |   102 |       |       ||  1067
       Rapier            |       |       |       |   549 |  1639 |   111 |       |       ||  2299
 Fire: Hunting sling     |    27 |     4 |   193 |   187 |   125 |       |    59 |       ||   595
       Fustibalus        |       |       |       |       |   588 |  1745 |  2303 |   404 ||  5040
Invok: Heroism           |       |       |     4 |    13 |    23 |    16 |     8 |     1 ||    65
       Finesse           |       |       |       |       |     4 |    12 |     6 |     1 ||    23
Evoke: Wand              |       |       |       |     6 |       |       |     1 |       ||     7
       Phantom mirror    |       |       |       |       |       |       |     1 |       ||     1
  Use: Scroll            |     4 |     5 |     7 |    13 |    10 |    12 |     8 |     3 ||    62
       Potion            |       |     1 |       |     2 |       |     3 |     5 |     3 ||    14
 Stab: Sleeping          |       |       |       |       |     2 |       |       |       ||     2
       Distracted        |       |       |       |       |     1 |       |       |       ||     1
  Eat: Chunk             |       |     8 |    13 |    14 |    28 |    32 |    15 |     2 ||   112
       Ration            |       |       |       |     1 |     4 |     1 |     6 |       ||    12
Armor: Ring mail         |    31 |    62 |    94 |       |       |       |       |       ||   187
       Scale mail        |       |       |   159 |   141 |   261 |       |       |    40 ||   601
       Pearl dragon scal |       |       |       |       |   217 |   183 |       |       ||   400
       Swamp dragon scal |       |       |       |       |       |    88 |   341 |       ||   429
Dodge: Dodged            |    54 |   145 |   386 |   250 |   763 |   610 |  1084 |   127 ||  3419
       Repelled          |       |       |       |       |       |    18 |       |       ||    18
Block: Buckler           |       |    10 |   147 |   124 |   595 |   277 |       |       ||  1153
       Kite shield       |       |       |       |       |       |   159 |  1084 |   148 ||  1391
       Reflection        |       |       |       |       |       |     4 |    64 |    34 ||   102

Table legend:
 A = Non-vault XP
 B = Vault XP
 C = Vault XP percentage of total XP
 D = Non-vault monster count
 E = Vault monster count
 F = Vault count percentage of total count
                 A         B        C        D         E       F
            +---------+---------+-------+---------+---------+-------
      Total |  302392 |  241212 |  44.4 |    1010 |     569 |  36.0
            +---------+---------+-------+---------+---------+-------
        D:1 |      26 |       0 |   0.0 |      16 |       0 |   0.0
        D:2 |      40 |     227 |  85.0 |      14 |       1 |   6.7
        D:3 |      59 |       0 |   0.0 |      21 |       0 |   0.0
        D:4 |     263 |      10 |   3.7 |       4 |       2 |  33.3
        D:5 |     459 |       0 |   0.0 |      16 |       0 |   0.0
        D:6 |     707 |    1205 |  63.0 |      26 |       6 |  18.8
        D:7 |    1383 |    1390 |  50.1 |      23 |       5 |  17.9
        D:8 |     578 |     109 |  15.9 |       8 |       1 |  11.1
        D:9 |     909 |     951 |  51.1 |      15 |       2 |  11.8
       D:10 |     897 |    1014 |  53.1 |      16 |       5 |  23.8
       D:11 |    4844 |       0 |   0.0 |      30 |       0 |   0.0
       D:12 |    2424 |    1820 |  42.9 |       6 |      25 |  80.6
       D:13 |   12279 |   10758 |  46.7 |      53 |      25 |  32.1
       D:14 |    5070 |       0 |   0.0 |      18 |       0 |   0.0
       D:15 |    9099 |    9402 |  50.8 |      21 |      16 |  43.2
     Temple |       2 |       0 |   0.0 |       1 |       0 |   0.0
     Lair:1 |    6680 |     232 |   3.4 |      31 |       2 |   6.1
     Lair:2 |    2369 |    2474 |  51.1 |      14 |       6 |  30.0
     Lair:3 |   11126 |   12024 |  51.9 |      17 |      51 |  75.0
     Lair:4 |    9496 |    1320 |  12.2 |      29 |       6 |  17.1
     Lair:5 |    9811 |     363 |   3.6 |      20 |       3 |  13.0
     Lair:6 |   11649 |   15907 |  57.7 |      45 |      50 |  52.6
    Swamp:1 |    3803 |    5429 |  58.8 |      13 |       2 |  13.3
    Swamp:2 |    7251 |       0 |   0.0 |      16 |       0 |   0.0
    Swamp:3 |   14742 |    5177 |  26.0 |      40 |       1 |   2.4
    Swamp:4 |   10005 |   22256 |  69.0 |      20 |      33 |  62.3
   Spider:1 |   22328 |    4305 |  16.2 |      64 |       8 |  11.1
   Spider:2 |   18807 |    4286 |  18.6 |      54 |      13 |  19.4
   Spider:3 |   10763 |       0 |   0.0 |      29 |       0 |   0.0
   Spider:4 |   21564 |   25593 |  54.3 |      59 |      49 |  45.4
      Orc:1 |    1089 |       0 |   0.0 |      20 |       0 |   0.0
      Orc:2 |    5984 |   18922 |  76.0 |      66 |      61 |  48.0
   Vaults:1 |   51635 |   25732 |  33.3 |      85 |      37 |  30.3
   Vaults:2 |   12415 |   24892 |  66.7 |      27 |      45 |  62.5
   Vaults:3 |   31836 |   27486 |  46.3 |      73 |      26 |  26.3
     Bailey |       0 |    2674 | 100.0 |       0 |      27 | 100.0
      IceCv |       0 |   10808 | 100.0 |       0 |      50 | 100.0
   Gauntlet |       0 |    4446 | 100.0 |       0 |      11 | 100.0
            +---------+---------+-------+---------+---------+-------
